 Dungeon Crawl Stone Soup version 0.30-a0-651-g0755cc6dcf (webtiles) character file.

Game seed: 7047966784465753514

19 Caratheodory the Ruffian (level 2, 0/21 HPs)
             Began as an Octopode Cinder Acolyte on Jan 17, 2023.
             Was a High Priest of Ignis.
             Succumbed to a kobold's poison
             ... on level 1 of the Dungeon.
             The game lasted 00:01:29 (343 turns).

Caratheodory the Ruffian (Octopode Cinder Acolyte)   Turns: 343, Time: 00:01:30

Health: 0/21       AC:  8    Str: 13    XL:     2   Next: 75%
Magic:  3/3        EV: 12    Int: 16    God:    Ignis [*****.]
Gold:   29         SH:  0    Dex:  7    Spells: 1/3 levels left

rFire   + . .      SeeInvis .      - Unarmed
rCold   . . .      Faith    .    (no shield)
rNeg    + . .      Spirit   .    (helmet restricted)
rPois   .          Reflect  .    (no amulet)
rElec   .          Harm     .    c - ring of positive energy
rCorr   .          Rampage  .    (no ring)
Will    .....                    (no ring)
Stlth   ++                       (no ring)
HPRegen 0.23/turn                (no ring)
MPRegen 0.08/turn                (no ring)
                                 (no ring)
                                 (no ring)

@: lethally poisoned (0 -> -2), fiery-armoured
A: almost no armour, amphibious, 8 rings, camouflage 1, gelatinous body 1,
(nimble swimmer 1), tentacles
a: Renounce Religion, Fiery Armour, Foxfire Swarm, Rising Flame


You were on level 1 of the Dungeon.
You worshipped Ignis.
Ignis was extremely pleased with you.
You visited 1 branch of the dungeon, and saw 1 of its levels.

You collected 29 gold pieces.

Inventory:

Jewellery
 c - a ring of positive energy (left tentacle)
Scrolls
 a - a scroll of fog {unknown}
 b - a scroll of teleportation {unknown}
 d - a scroll of acquirement {unknown}
 e - a scroll of fear {unknown}


   Skills:
 + Level 3.3 Fighting
 + Level 1.1 Dodging
 + Level 3.3 Unarmed Combat
 - Level 1.0 Spellcasting
 - Level 3.0 Fire Magic


You had one spell level left.
You knew the following spells:

 Your Spells              Type           Power      Damage    Failure   Level
a - Scorch                Fire           20%        2d6       10%         2

Your spell library contained the following spells:

 Spells                   Type           Power      Damage    Failure   Level


Dungeon Overview and Level Annotations

Branches:
Dungeon (1/15)

Altars:


Innate Abilities, Weirdness & Mutations

You cannot wear most types of armour.
You are amphibious.
You can wear up to eight rings at the same time.
Your skin changes colour to match your surroundings (Stealth+).
Your rubbery body absorbs attacks. (AC +1, EV +1)
((You are camouflaged when in or above water. (Stealth+)))
You have tentacles for arms and can constrict up to eight enemies at once.


Message History

Casting: Scorch (safe; 10% risk of failure)
Confirm with . or Enter, or press ? or * to list all spells.
Okay, then.
A protective cloak of flame settles atop you.
You feel sick. The kobold barely misses you. The endoplasm hits you.
The endoplasm is burned by your cloak of flames.
You kill the endoplasm!
The rat barely misses you.
You tentacle-slap the kobold but do no damage.
Your grab misses the kobold.
You feel sick.
The ball python bites you but does no damage.
The ball python is burned by your cloak of flames.
You kill the ball python!
The kobold hits you with a +0 dagger of venom.
You are lethally poisoned!
The kobold is burned by your cloak of flames.
You kill the kobold!
The rat bites you.
The rat is burned by your cloak of flames.
You kill the rat!
You tentacle-slap the giant cockroach but do no damage.
You grab the giant cockroach.
Your squeeze misses the giant cockroach.
You constrict the giant cockroach.
* * * LOW HITPOINT WARNING * * *
You feel sick.
The giant cockroach bites you but does no damage.
The giant cockroach is burned by your cloak of flames.
You kill the giant cockroach!
* * * LOW HITPOINT WARNING * * *
You feel sick.
* * * LOW HITPOINT WARNING * * *
You feel sick.
* * * LOW HITPOINT WARNING * * *
You feel sick.
* * * LOW HITPOINT WARNING * * *
You feel sick.
* * * LOW HITPOINT WARNING * * *
You feel sick.
You die...

#.#♣P..♣♣
##########.#♣♣♣P.♣
#...........♣.P.P♣
#.##########♣...P♣
#.# ♣.♣♣♣♣ ..#####
♣♣..♣♣ ......#
♣♣♣.♣# #####.#
#..######
#@......#
#)......#
#.>.....#
......?..
#.......# #.#
#.......# ...##.#
#.......# .......
...#.#### ###
#...#.#
.###########


There were no monsters in sight!

Vanquished Creatures
  A dart slug (D:1)
  2 ball pythons (D:1)
  2 endoplasms (D:1)
  2 giant cockroaches (D:1)
  A goblin (D:1)
  A hobgoblin (D:1)
  3 kobolds (D:1)
  A quokka (D:1)
  2 rats (D:1)
15 creatures vanquished.

Notes
Turn   | Place    | Note
-------+----------+-------------------------------------------
     0 | D:1      | Caratheodory the Octopode Cinder Acolyte began the quest
                  | for the Orb.
     0 | D:1      | Reached XP level 1. HP: 16/16 MP: 2/2
    64 | D:1      | Reached XP level 2. HP: 15/21 MP: 3/3
    67 | D:1      | Learned a level 2 spell: Scorch
   327 | D:1      | Reached skill level 1 in Dodging
   342 | D:1      | HP: 1/21 [poisoned by a kobold]
   343 | D:1      | Succumbed to a kobold's poison

Illustrated notes

Levels and vault maps discovered:
D:1:      psy_arrival_dodecagon, layout_loops_ring, serial_forest,
          infiniplex_forest_end_double, infiniplex_forest_corner_1,
          infiniplex_forest_zigzag_2, infiniplex_forest_lined_2,
          infiniplex_forest_end_double, infiniplex_forest_zigzag_2,
          corexii_leaking_fountain

Skill      XL: |  1  2 |
---------------+-------+-----
Dodging        | 1 |  1.1
Fighting       | |  3.3
Unarmed Combat | |  3.3
Spellcasting   | |  1.0
Fire Magic     | |  3.0

Action                   || total
-------------------------++-------
Melee: Unarmed           ||    30
       Constrict         ||     7
       Tentacles         ||     6
       Punch             ||     1
 Cast: Scorch            ||     1
Invok: Fiery Armour      ||     1
 Stab: Distracted        ||     1
       Sleeping          ||     1
Armor: Skin              ||     5
Dodge: Dodged            ||    12

Table legend: (Time is in decaauts)
 A = Elapsed time spent in this place.
 B = Non-inter-level travel time spent in this place.
 C = Inter-level travel time spent in this place.
 D = Time resting spent in this place.
 E = Time spent auto-exploring this place.
 F = Levels seen in this place.
 G = Mean time per level.
                   A        B        C        D        E       F      G
               +--------+--------+--------+--------+--------+-----+--------+
         Total |    340 |    340 |      0 |      0 |    268 |   1 |  340.0 |
       Dungeon |    340 |    340 |      0 |      0 |    268 |   1 |  340.0 |
               +--------+--------+--------+--------+--------+-----+--------+

Top non-repeatable levels by time:
     D:1: 340 daAuts
